 Dungeon Crawl Stone Soup version 0.20.1-1-g8b1a95d (webtiles) character file.

232 letownia2 the Grave Robber (level 5, -1/42 HPs)
             Began as a Deep Dwarf Necromancer on Dec 20, 2017.
             Killed by divine providence
             ... invoked by an orc priest
              (6 damage)
             ... on level 4 of the Dungeon.
             The game lasted 00:05:19 (1667 turns).

letownia2 the Grave Robber (Deep Dwarf Necromancer) Turns: 1667, Time: 00:05:20

Health: -1/42      AC:  5    Str: 12    XL:     5   Next: 73%
Magic:  8/8        EV: 11    Int: 16    God:
Gold:   62         SH:  0    Dex: 13    Spells: 4/8 levels left

rFire    . . .     SeeInvis .   h - +0 dagger
rCold    . . .     Gourm    .   (no shield)
rNeg     . . .     Faith    .   r - +0 ring mail
rPois    .         Spirit   .   (no helmet)
rElec    .         Reflect  .   (no cloak)
rCorr    .         Harm     .   (no gloves)
MR       .....                  (no boots)
Stlth    +.........             (no amulet)
Regen    0.0/turn               (no ring)
MPRegen  0.2/turn               (no ring)

@: non-regenerating
A: damage resistance, heal wounds, sense surroundings 1, no regeneration
a: Heal Wounds


You were on level 4 of the Dungeon.
You were not hungry.

You visited 1 branch of the dungeon, and saw 4 of its levels.

You collected 62 gold pieces.

Inventory:

Hand Weapons
 h - a +0 dagger (weapon)
 i - a +0 hand axe
 k - a +0 vampiric hand axe
Missiles
 e - 23 bolts
Armour
 a - a +0 robe
 m - a +0 leather armour
 o - a +0 scale mail
 r - a +0 ring mail (worn)
Scrolls
 d - a scroll of immolation {unknown}
 g - 2 scrolls of identify {unknown}
 j - a scroll of enchant weapon {unknown}
 l - 2 scrolls of fear {unknown}
Potions
 f - 2 potions of curing {unknown}
 p - 2 potions of flight {unknown}
Books
 b - a book of Necromancy

   Spells                             Type                      Level
   a - Pain                           Necromancy                   1
   b - Animate Skeleton               Necromancy                   1
   c - Vampiric Draining              Necromancy                   3
   d - Regeneration                   Charms/Necromancy            3
   e - Animate Dead                   Necromancy                   4
   f - Control Undead                 Necromancy                   4
Comestibles
 c - 2 bread rations
 n - a royal jelly
 q - 3 chunks of flesh


   Skills:
 - Level 2.1 Dodging
 - Level 2.4 Stealth
 - Level 2.1 Spellcasting
 + Level 7.5 Necromancy


You had 4 spell levels left.
You knew the following spells:

 Your Spells              Type           Power        Failure   Level  Hunger
a - Pain                  Necr           ####         1%          1    #......
v - Vampiric Draining     Necr           ####......   6%          3    ###....


Dungeon Overview and Level Annotations

Branches:
Dungeon (4/15)
 Temple: D:4-7

Altars:
Dithmenos
Gozag
Nemelex Xobeh
Ru
Trog
Vehumet

Annotations:
D:3 Grinder, Sigmund
D:4 exclusion: orc priest


Innate Abilities, Weirdness & Mutations

You are resistant to damage.
You can heal yourself by infusing magical energy.
You passively map a small area around you.
You do not regenerate.


Message History

You continue taking off your +0 leather armour. x4
You finish taking off your +0 leather armour.
You start putting on your armour.
You continue putting on your ring mail. x5
You finish putting on your +0 ring mail.
Unknown command.
You start resting.
Eating one of 4 chunks of flesh.
You eat one of the 4 chunks of flesh.
This raw flesh tastes terrible.
Unknown command.
You start resting.
Unknown command.
Magic restored.
An orc comes into view.
The orc priest shouts!
The orc priest invokes the aid of Beogh against you.
Beogh smites you!
* * * LOW HITPOINT WARNING * * *
Unknown command.
The orc priest invokes the aid of Beogh against you.
Beogh smites you!
You die...

#.......).#......# #..
#.#...###.######.# #.#
#.#.#.# #...# ######.#
#.#...# ###.# #..[.<.#
#.###.# #.# #.####)#
#######.###.# #.# #.##....
#...........# #.####.##....
#....o......#####....o.##....
#....#####..@.(##########....
#...## ..#####.# #........
#..##,.⌠.. #.#.# #.###....
#..# .....,#.#.# #.# #....
#..#..._..,#...# #.# #....
#..'.8...8 #.########.###....
#..#...oo. #............#....
####...o.. #)######...#.#....
..o..##....# #...#.#####


You could see an orc priest.

Vanquished Creatures
  An orc priest (D:4)
  2 hounds (D:4)
  An orc wizard (D:4)
  A bullfrog skeleton (D:4)
  A worker ant (D:4)
  A hound zombie (D:4)
  An adder (D:3)
  2 adder skeletons (D:4)
  2 leopard geckos
  7 orcs
  A ball python (D:4)
  A giant cockroach (D:4)
  2 goblins
  A hobgoblin (D:2)
  A jackal (D:2)
  2 bats (D:3)
  3 frilled lizards
30 creatures vanquished.

Notes
Turn   | Place    | Note
-------+----------+-------------------------------------------
     0 | D:1      | letownia2 the Deep Dwarf Necromancer began the quest for the Orb.
     0 | D:1      | Reached XP level 1. HP: 15/15 MP: 3/3
   347 | D:3      | Reached XP level 2. HP: 22/22 MP: 1/5
   461 | D:3      | Found a shadowy altar of Dithmenos.
   465 | D:3      | Found a radiant altar of Vehumet.
   465 | D:3      | Found a sacrificial altar of Ru.
   468 | D:3      | Found a bloodstained altar of Trog.
   487 | D:3      | Reached skill level 5 in Necromancy
   509 | D:3      | Noticed Grinder
   515 | D:3      | Paralysed by Grinder for 3 turns
   549 | D:4      | Reached XP level 3. HP: 12/28 MP: 6/6
   554 | D:4      | Learned a level 3 spell: Vampiric Draining
   690 | D:4      | Reached skill level 6 in Necromancy
   690 | D:4      | Reached XP level 4. HP: 16/36 MP: 1/7
   877 | D:3      | Noticed Sigmund
  1127 | D:4      | Found an opulent altar of Gozag.
  1127 | D:4      | Found a sparkling altar of Nemelex Xobeh.
  1143 | D:4      | Noticed a phantom
  1149 | D:4      | Reached XP level 5. HP: 19/42 MP: 1/8
  1215 | D:4      | Reached skill level 7 in Necromancy
  1478 | D:3      | Paralysed by Grinder for 7 turns
  1496 | D:3      | Paralysed by Grinder for 6 turns
  1667 | D:4      | Killed from afar by an orc priest

Skill      XL: |  1  2  3  4  5 |
---------------+----------------+-----
Spellcasting   | 2 |  2.1
Necromancy     | 5 6 7 |  7.5
Dodging        | |  2.1
Stealth        | |  2.4

Action                   |  1- 3 |  4- 6 || total
-------------------------+-------+-------++-------
Melee: Unarmed           |     1 |       ||     1
       Dagger            |    18 |    44 ||    62
 Cast: Pain              |    21 |     9 ||    30
       Vampiric Draining |       |    18 ||    18
 Stab: Distracted        |       |     1 ||     1
  Eat: Chunk             |       |     5 ||     5
Armor: Robe              |     3 |       ||     3
       Leather armour    |       |    13 ||    13
Dodge: Dodged            |    17 |    66 ||    83
